 Dungeon Crawl Stone Soup version 0.27.1-33-g824d729ab1 (webtiles) character file.

Game seed: 16485288660074519654

232 Gabide the Ducker (level 6, -7/48 HPs)
             Began as a Human Monk on Nov 29, 2021.
             Mangled by an orc wizard (19 damage)
             ... on level 4 of the Dungeon.
             The game lasted 00:11:31 (4369 turns).

Gabide the Ducker (Human Monk)                      Turns: 4369, Time: 00:11:33

Health: -7/48      AC:  3    Str: 13    XL:     6   Next: 25%
Magic:  6/6        EV: 13    Int: 11    God:
Gold:   83         SH:  0    Dex: 15    Spells: 5/5 levels left

rFire    . . .     SeeInvis .   c - +0 quarterstaff
rCold    + . .     Faith    .   (shield currently unavailable)
rNeg     . . .     Spirit   .   g - +0 leather armour
rPois    .         Reflect  .   (no helmet)
rElec    .         Harm     .   (no cloak)
rCorr    .         Rampage  .   (no gloves)
Will     .....                  (no boots)
Stlth    ++........             (no amulet)
HPRegen  0.16/turn              l - ring of protection from cold
MPRegen  0.10/turn              (no ring)

@: no status effects
A: no striking features
a: no special abilities


You were on level 4 of the Dungeon.
You visited 1 branch of the dungeon, and saw 4 of its levels.

You collected 83 gold pieces.

Inventory:

Hand Weapons
 c - a +0 quarterstaff (weapon)
 f - a +2 short sword of holy wrath
Armour
 b - a +0 robe
 g - a +0 leather armour (worn)
Jewellery
 l - a ring of protection from cold (left hand)
Scrolls
 a - a scroll of teleportation
 e - 2 scrolls of magic mapping
 j - a scroll of identify
 k - 3 scrolls of holy word {unknown}
Potions
 d - a potion of curing {unknown}
 h - a potion of invisibility {unknown}
 i - 2 potions of flight {unknown}


   Skills:
 * Level 3.8 Fighting
 - Level 3.6(4.0) Polearms
 + Level 2.3(3.3) Staves
 - Level 1.7 Armour
 + Level 3.9 Dodging
 + Level 3.0 Stealth


You had 5 spell levels left.
You didn't know any spells.
Your spell library contained the following spells:

 Spells                   Type           Power      Damage    Failure   Level
 Pain                     Necr           0%         1d4       41%         1
 Summon Small Mammal      Summ           0%         N/A       41%         1
 Blink                    Tloc           N/A        N/A       56%         2
 Call Canine Familiar     Summ           0%         N/A       80%         3
 Gell's Gravitas          Tloc           0%         N/A       80%         3
 Lesser Beckoning         Tloc           0%         N/A       80%         3
 Summon Guardian Golem    Hex/Summ       0%         N/A       80%         3
 Teleport Other           Tloc           0%         N/A       80%         3
 Agony                    Necr           0%         N/A       100%        5
 Excruciating Wounds      Necr           0%         N/A       100%        5
 Manifold Assault         Tloc           0%         N/A       100%        5
 Orb of Destruction       Conj           0%         N/A       100%        7
 Spellforged Servitor     Conj/Summ      0%         N/A       100%        7
 Storm Form               Tmut/Air       0%         N/A       100%        7


Dungeon Overview and Level Annotations

Branches:
Dungeon (4/15)
 Temple: D:4-7

Altars:


Message History

The orc wizard hits you with a +0 dagger of electrocution.
You hit the orc wizard but do no damage.
The orc wizard is heavily wounded.
The orc wizard hits you but does no damage.
You are electrocuted!
* * * LOW HITPOINT WARNING * * *
You are too injured to fight recklessly!
You are too injured to fight recklessly!
You are too injured to fight recklessly!
You are too injured to fight recklessly!
You are too injured to fight recklessly!
You are too injured to fight recklessly!
You are too injured to fight recklessly!
You are too injured to fight recklessly!
You are too injured to fight recklessly!
You are too injured to fight recklessly!
You are too injured to fight recklessly!
You are too injured to fight recklessly!
You are too injured to fight recklessly!
You are too injured to fight recklessly!
You are too injured to fight recklessly!
You are too injured to fight recklessly!
You are too injured to fight recklessly!
You are too injured to fight recklessly!
You are too injured to fight recklessly!
You are too injured to fight recklessly!
You hit the orc wizard.
The orc wizard is severely wounded.
The orc wizard hits you with a +0 dagger of electrocution.
* * * LOW HITPOINT WARNING * * *
You closely miss the orc wizard.
The orc wizard is severely wounded.
The orc wizard points at you and mumbles some strange words.
You resist with some effort.
You closely miss the orc wizard.
The orc wizard is severely wounded.
The orc wizard hits you with a +0 dagger of electrocution.
* * * LOW HITPOINT WARNING * * *
You are electrocuted!!
You die...

..#.....## #.........#
#..#...#..######.........#
.........................#
............####.........#
..........#...##.........#
...........##.##.........#
............#..#.....<...#
..........#o.#.#.........#
..........#.@............#
..........#..<#..........#
.....(....#####.........##
............###..#.....##
..........#...#..#######
...........##.##..##
...................#######
#........#)#..#......#...##
#......##.#..##..........##


You could see an orc wizard.

Vanquished Creatures
  A jelly (D:4)
  An orc wizard (D:2)
  9 adders
  An ufetubus (D:3)
  A worm (D:3)
  3 dart slugs
  7 orcs
  5 ball pythons
  2 endoplasms
  2 giant cockroaches
  10 goblins
  3 hobgoblins (D:3)
  4 jackals (D:2)
  6 kobolds
  4 quokkas
  6 bats
  8 frilled lizards
  7 rats
80 creatures vanquished.

Notes
Turn   | Place    | Note
-------+----------+-------------------------------------------
     0 | D:1      | Gabide the Human Monk began the quest for the Orb.
     0 | D:1      | Reached XP level 1. HP: 18/18 MP: 1/1
   216 | D:1      | Reached XP level 2. HP: 23/24 MP: 2/2
   408 | D:1      | Found a faded altar of an unknown god.
   738 | D:2      | Reached XP level 3. HP: 29/29 MP: 3/3
  1001 | D:2      | Reached XP level 4. HP: 18/35 MP: 4/4
  2031 | D:2      | Reached skill level 1 in Armour
  2031 | D:2      | Reached XP level 5. HP: 22/41 MP: 5/5
  2651 | D:3      | Reached skill level 1 in Staves
  3517 | D:3      | Reached XP level 6. HP: 30/48 MP: 6/6
  4369 | D:4      | Mangled by an orc wizard

Illustrated notes

Levels and vault maps discovered:
D:1:      minmay_arrival_solitary_statue, layout_loops_cross,
          shapermc_ecumenical_altar_mp_vishouse
D:2:      layout_loops_cross, minmay_curled_crystal, kennysheep_generic_room_15
D:3:      minmay_chambers_of_threes, layout_basic, hangedman_feature_mirror,
          kennysheep_generic_room_8
D:4:      layout_rooms, hangedman_abyss_or_decor_stagger,
          kennysheep_generic_room_2, uniq_ijyb

Skill      XL: |  1  2  3  4  5  6 |
---------------+-------------------+-----
Armour         | 1 |  1.7
Staves         | 1 2 |  2.3
Stealth        | 3 |  3.0
Fighting       | |  3.8
Polearms       | |  3.6
Dodging        | |  3.9

Action                   |  1- 3 |  4- 6 || total
-------------------------+-------+-------++-------
Melee: Spear             |    88 |    55 ||   143
       Quarterstaff      |       |   173 ||   173
  Use: Scroll            |     3 |     4 ||     7
       Potion            |     1 |     4 ||     5
 Stab: Sleeping          |     8 |     3 ||    11
Armor: Robe              |     5 |       ||     5
       Leather armour    |    10 |    47 ||    57
Dodge: Dodged            |    43 |   134 ||   177
